 Dungeon Crawl Stone Soup version 0.31-a0-1300-gb6740aa4e6 (webtiles) character file.

Game seed: 1995219135720226046

2 pascalblue the Caller (level 1, -1/10 HPs)
             Began as a Deep Elf Summoner on Dec 18, 2023.
             Slain by a hobgoblin (5 damage)
             ... on level 1 of the Dungeon.
             The game lasted 00:00:57 (147 turns).

pascalblue the Caller (Deep Elf Summoner)            Turns: 147, Time: 00:00:57

Health: -1/10      AC:  2    Str:  5    XL:     1   Next: 33%
Magic:  3/6        EV: 12    Int: 19    God:
Gold:   11         SH:  0    Dex: 15    Spells: 5/6 levels left

rFire   . . .        (no weapon)
rCold   . . .        (no shield)
rNeg    . . .        a - +0 robe
rPois   .            (no helmet)
rElec   .            (no cloak)
rCorr   .            (no gloves)
SInv    .            (no boots)
Will    .....        (no amulet)
Stlth   ++           (no ring)
HPRegen 0.21/turn    (no ring)
MPRegen 0.10/turn

%: no passive effects
@: no status effects
A: no striking features
a: no special abilities


You were on level 1 of the Dungeon.
You visited 1 branch of the dungeon, and saw 1 of its levels.

You collected 11 gold pieces.

Inventory:

Armour
 a - a +0 robe (worn)
Scrolls
 c - a scroll of identify {unknown}
 d - a scroll of enchant weapon {unknown}
Potions
 b - a potion of magic


   Skills:
 - Level 2.4 Dodging
 - Level 2.4 Stealth
 + Level 3.1 Spellcasting
 + Level 4.4 Summonings


You had 5 spell levels left.
You knew the following spells:

 Your Spells              Type           Power      Damage    Failure   Level
a - Summon Small Mammal   Summ           80%        N/A       2%          1

Your spell library contained the following spells:

 Spells                   Type           Power      Damage    Failure   Level
 Call Imp                 Summ           40%        N/A       3%          2
 Call Canine Familiar     Summ           20%        N/A       7%          3
 Summon Guardian Golem    Hex/Summ       11%        N/A       19%         3
 Summon Lightning Spire   Summ/Air       11%        N/A       52%         4


Dungeon Overview and Level Annotations

Branches:
Dungeon (1/15)

Altars:


Message History

t - Shout!
Orders for allies: a - Attack new target. p - Attack previous target. r - Retreat! s - Stop attacking. g - Guard the area. f - Follow me.
Anything else - Cancel.
Gang up on whom?
Press: ? - help, Dir - move target, f/p - hobgoblin
Aim: a hobgoblin (moderately wounded, ally target)
Okay, then.
Casting: Summon Small Mammal (safe; 2% risk of failure)
Confirm with . or Enter, or press ? or * to list all spells.
Your bat barely misses the hobgoblin.
Your bat hits the hobgoblin but does no damage. x2
The hobgoblin closely misses your bat. What are your orders? t - Shout!
Orders for allies: a - Attack new target. p - Attack previous target. r - Retreat! s - Stop attacking. g - Guard the area. f - Follow me.
Anything else - Cancel.
Gang up on whom?
Press: ? - help, Dir - move target, f/p - hobgoblin
Aim: a hobgoblin (moderately wounded, ally target) Attack!
Your bat barely misses the hobgoblin.
The hobgoblin closely misses you.
Your bat hits the hobgoblin but does no damage.
You barely miss the hobgoblin.
The hobgoblin is moderately wounded.
Your bat hits the hobgoblin.
Your bat barely misses the hobgoblin.
The hobgoblin closely misses you. The hobgoblin barely misses you.
You hit the hobgoblin but do no damage.
The hobgoblin is heavily wounded.
Your bat hits the hobgoblin.
Your bat hits the hobgoblin but does no damage.
The hobgoblin hits you.
* * * LOW HITPOINT WARNING * * *
Your bat hits the hobgoblin but does no damage.
Your bat closely misses the hobgoblin.
Your bat hits the hobgoblin.
Your bat closely misses the hobgoblin.
The hobgoblin hits you.
Ouch! That really hurt!
You die...

####### #.....#
..#########.###.#
.....b.g@..># #.#
........gb..# #.#
###########.# #.#
#.# #.# #.# #.#
#.# #.# #.# #.#
#.# #.# #.###.#


You could see 2 hobgoblins and 2 friendly bats.

Vanquished Creatures (collateral kills)
  A goblin (D:1)
  A jackal (D:1)
2 creatures vanquished.

Notes
Turn   | Place    | Note
-------+----------+-------------------------------------------
     0 | D:1      | pascalblue the Deep Elf Summoner began the quest for the
                  | Orb.
     0 | D:1      | Reached XP level 1. HP: 10/10 MP: 6/6
   147 | D:1      | Slain by a hobgoblin

Illustrated notes

Levels and vault maps discovered:
D:1:      erik_arrival_cave_to_civilisation [erik_arrival_cave_to_hall],
          layout_basic

Action                     || total
---------------------------++-------
  Melee: Unarmed           ||     4
   Cast: Summon Small Mamm ||     7
 Armour: Robe              ||     5
  Dodge: Dodged            ||     7

Table legend: (Time is in decaauts)
 A = Elapsed time spent in this place.
 B = Non-inter-level travel time spent in this place.
 C = Inter-level travel time spent in this place.
 D = Time resting spent in this place.
 E = Time spent auto-exploring this place.
 F = Levels seen in this place.
 G = Mean time per level.
                   A        B        C        D        E       F      G
               +--------+--------+--------+--------+--------+-----+--------+
         Total |    147 |    147 |      0 |      0 |     94 |   1 |  147.0 |
       Dungeon |    147 |    147 |      0 |      0 |     94 |   1 |  147.0 |
               +--------+--------+--------+--------+--------+-----+--------+

Top non-repeatable levels by time:
     D:1: 147 daAuts
